Cogmind - Beta 15 @@@ ROGUE MODE // 2025.07.02 @ 07:00:11 Player: beans Result: Destroyed by Piercing Trap Performance ------------- Evolutions (0) 0 Regions Visited (3) 600 Robots Destroyed (46) 230 Value Destroyed (757) 757 Prototype IDs (0) 0 Alien Tech Used (0) 0 Bonus (12) 12 TOTAL SCORE: 1599 Bonus ------- High Alert Combat Kills 12 Cogmind --------- Core Integrity 0/250 Matter 409/450 Energy 261/265 System Corruption 8% Temperature Cool (2) Movement Treading (240) Ox1 Location -10/Subcaves Parts ------- > --- POWER (1) -------- Improved Ion Engine > --- PROPULSION (2) --- Improved Treads Improved Treads > --- UTILITY (2) ------ High-capacity Storage Unit Compact Matter Pod (fused) > --- WEAPON (2) ------- Improved Light Cannon Rocket Launcher > --- INVENTORY (20) --- Compact Matter Pod (150) Propulsion Shielding Bomb Drone Bay Peak State ------------ > --- POWER ------------ Improved Ion Engine > --- PROPULSION ------- Improved Treads Improved Treads > --- UTILITY ---------- Small Storage Unit Compact Matter Pod > --- WEAPON ----------- Improved Light Cannon Improved Light Cannon > --- INVENTORY -------- Compact Matter Pod Propulsion Shielding Bomb Drone Bay Rocket Launcher [Rating: 16] Favorites ----------- Power Improved Ion Engine Engine Improved Ion Engine Propulsion Improved Treads Treads Improved Treads Utility Small Storage Unit Storage Small Storage Unit Protection Propulsion Shielding Weapon Improved Light Cannon Energy Gun EM Pulse Gun Ballistic Gun Light Assault Rifle Ballistic Cannon Improved Light Cannon Launcher Grenade Launcher Build | -11 -10 -10 -10 ------- Run | Yrd Mat Min Sub Slots Evolved . | . . . . Power . | . . . . Propulsion . | . . . . Utility . | . . . . Weapon . | . . . . Parts Attached 20 | 6 11 2 1 Power 3 | 1 2 . . Engine 3 | 1 2 . . Core . | . . . . Reactor . | . . . . Propulsion 6 | 2 4 . . Treads 6 | 2 4 . . Leg . | . . . . Wheel . | . . . . Hover . | . . . . Flight . | . . . . Utility 4 | 1 1 2 . Device . | . . . . Storage 3 | 1 . 2 . Processor . | . . . . Hackware . | . . . . Protection 1 | . 1 . . Artifact . | . . . . Weapon 7 | 2 4 . 1 Energy Gun 1 | 1 . . . Energy Cannon . | . . . . Ballistic Gun 1 | 1 . . . Ballistic Cannon 2 | . 2 . . Launcher 3 | . 2 . 1 Special Weapon . | . . . . Impact Weapon . | . . . . Slashing Weapon . | . . . . Piercing Weapon . | . . . . Special Melee Weapon . | . . . . Unidentified Prototypes . | . . . . Parts Lost 8 | . 7 . 1 Power 1 | . 1 . . Propulsion 2 | . 2 . . Utility 1 | . 1 . . Weapon 4 | . 3 . 1 Highest Loss Streak 4 | . 4 . 1 To Critical Strikes 1 | . . . 1 Average Backups 3 | . 2 3 3 Power . | . . . . Propulsion . | . . . . Utility 2 | . 1 2 3 Weapon . | . . . . Tool/Special . | . . . . Unused Backups 5 | . . 2 3 Power . | . . . . Propulsion . | . . . . Utility 5 | . . 2 3 Weapon . | . . . . Tool/Special . | . . . . Average Slot Usage (%) 84 | . 67 95 99 Engine 12 | . 9 14 14 Treads 24 | . 18 28 28 Storage 20 | . 14 23 28 Protection 2 | . 6 . . Energy Gun 2 | . 5 . . Ballistic Cannon 18 | . 5 28 24 Launcher 2 | . 6 . 2 Peak Build Rating 16 | 6 11 16 16 Average Rating 10 | 4 5 14 15 On Entrance 8 | . 6 11 16 Naked Turns . | . . . . Heaviest Build 56 | 11 20 56 56 Greatest Support 46 | 40 46 46 46 Greatest Overweight (x) 6 | . 6 1 1 Average Overweight (x) . | . . . 1 Largest Inventory Capacity 20 | 8 8 20 20 Average Capacity 11 | 7 8 13 20 Most Carried 6 | 2 5 6 5 Average Carried 3 | . 2 3 4 Final Capacity 20 | 8 8 20 20 Final Carried 5 | . 3 5 4 Class Distribution -------------------- 100% | Mutant Dominant Class ---------------- Mutant | -10/Materials Mutant | -10/Mines Mutant | -10/Subcaves Resources | -11 -10 -10 -10 ----------- Run | Yrd Mat Min Sub Matter Collected 1498 | 262 336 805 95 Remotely . | . . . . Salvage Created 725 | 27 475 144 79 Parts 78 | 3 49 17 9 Haulers Intercepted 1 | . 1 . . Recyclers Shooed 2 | . 2 . . Parts Field Recycled . | . . . . Retrieved Matter . | . . . . Parts Self-Destructed 3 | . . . 3 Prevented . | . . . . Kills | -11 -10 -10 -10 ------- Run | Yrd Mat Min Sub Combat Hostiles Destroyed 28 | . 20 4 4 Guns 4 | . 4 . . Cannons 9 | . 2 4 3 AOE 15 | . 14 . 1 Classes Destroyed 10 | 1 7 1 1 Worker 8 | . 5 3 . Builder 2 | . 1 1 . Tunneler 3 | 1 . 2 . Hauler 1 | . 1 . . Recycler 1 | . . 1 . Operator 2 | . 2 . . Watcher 1 | . 1 . . Swarmer 16 | . 12 4 . Grunt 8 | . 8 . . Subdweller 4 | . . . 4 Best Kill Streak 13 | 1 13 4 1 Combat Bots Only 10 | . 10 3 1 Max Kills in Single Turn 3 | 1 3 2 1 Gunslinging . | . . . . Exploded 3 | . 3 . 1 Melee . | . . . . Uniques/NPCs Destroyed . | . . . . Combat | -11 -10 -10 -10 -------- Run | Yrd Mat Min Sub Hostile Shots Fired 112 | . 80 19 13 Missed 37 | . 27 6 4 Hits 75 | . 53 13 9 Projectile 75 | . 53 13 9 AOE 2 | . . . 2 Critical Strikes 2 | . 1 . 1 Damage Taken 1375 | 29 920 106 320 Core 262 | . 213 8 41 Absorbed by Shields . | . . . . Redirected to Shielding 51 | . 51 . . Core Remaining (%) 100 | 100 . . . Volleys Fired 87 | 2 56 17 12 Largest 2 | 2 2 2 2 Hottest 70 | 60 70 66 66 Shots Fired 124 | 4 68 34 18 Gun 35 | 4 31 . . Cannon 56 | . 6 34 16 Launcher 33 | . 31 . 2 Special . | . . . . Kinetic 58 | 2 6 34 16 Thermal . | . . . . Explosive 33 | . 31 . 2 Electromagnetic 33 | 2 31 . . Robot Hit Streak 12 | 2 6 8 12 Robot Miss Streak 4 | 2 4 4 3 Penetration Max . | . . . . Secondary Targets . | . . . . Shots Hit Robots 60 | 2 29 18 11 Core Hits 59 | 1 41 11 6 Critical Kills . | . . . . Critical Parts Destroyed . | . . . . Critical Strikes 1 | . . 1 . Blast 1 | . . 1 . Melee Attacks . | . . . . Impact . | . . . . Slashing . | . . . . Piercing . | . . . . Sneak Attacks . | . . . . Combat Hostiles . | . . . . Follow-up Attacks . | . . . . Damage Inflicted 2581 | 57 1783 440 301 Guns 275 | 12 263 . . Cannons 692 | . 62 440 190 Explosions 1614 | 45 1458 . 111 Melee . | . . . . Ramming . | . . . . Kinetic 692 | . 62 440 190 Thermal 45 | 45 . . . Explosive 1529 | . 1418 . 111 Electromagnetic 315 | 12 303 . . Impact . | . . . . Slashing . | . . . . Piercing . | . . . . Highest Corruption 8 | . 8 8 8 Average Corruption 8 | . 8 8 8 Corruption Purged . | . . . . Corruption Blocked . | . . . . Effects 63 | . 13 37 13 Message Errors 21 | . 6 14 1 Matter Fused 13 | . 1 9 3 Heat Flow Errors 5 | . 2 1 2 Energy Discharges 7 | . 1 4 2 Parts Rejected 2 | . 2 . . Parts Fused 1 | . . 1 . Data Loss (minor) 7 | . 1 2 4 Data Loss (major) 4 | . . 4 . Misfires 1 | . . 1 . Weapon Failures 2 | . . 1 1 Overload Shots . | . . . . Overflow Damage 87 | . 86 1 . Projectiles 1 | . . 1 . Explosions 86 | . 86 . . Melee . | . . . . Knockbacks 6 | . . 4 2 Impact . | . . . . Kinetic 6 | . . 4 2 Secondary . | . . . . Self-Inflicted Damage 242 | 29 201 . 12 Shots 11 | 1 9 . 1 Rammed . | . . . . Targets Rammed . | . . . . Kicked . | . . . . Crushed . | . . . . Highest Temperature 180 | 32 180 149 172 Average Temperature 27 | 19 24 26 77 Received Heat Transfer 207 | . 150 . 57 Siege Activations . | . . . . Martial Activations . | . . . . Shielding Activations . | . . . . Robots Disrupted . | . . . . Combat Hostiles . | . . . . Robots Corrupted . | . . . . Combat Hostiles . | . . . . Parts Fried . | . . . . Impact Corruptions . | . . . . Robots Melted . | . . . . Combat Hostiles . | . . . . Parts Melted . | . . . . Heat Transferred . | . . . . Parts Sabotaged . | . . . . Parts Stolen . | . . . . Parts Stripped . | . . . . Power Chain Reactions 1 | 1 . . . Alert | -11 -10 -10 -10 ------- Run | Yrd Mat Min Sub Maximum Alert Level 2 | . 2 . . Low Security (%) 72 | 100 38 100 . Level 1 17 | . 38 . . Level 2 10 | . 22 . . Level 3 . | . . . . Level 4 . | . . . . Level 5 . | . . . . High Security . | . . . . Max Security . | . . . . Peak Influence 441 | 5 441 150 . Initial 150 | . 3 150 . Average 128 | . 232 45 . Influence Increases 961 | 5 785 171 . Destroy 0b10 Robot/C 480 | . 400 80 . Destroy 0b10 Robot/NC 90 | 5 50 35 . Destroy Leader 104 | . 94 10 . Disable Machine 105 | . 90 15 . Destroy Structure 137 | . 136 1 . Lose Combat Pursuer 45 | . 15 30 . Influence Decreases 961 | . 405 556 . Entered New Map 237 | . 2 235 . Time Decay 654 | . 333 321 . Lost Part 70 | . 70 . . Squads Dispatched 5 | . 5 . . Investigation 3 | . 3 . . Extermination . | . . . . Reinforcement 2 | . 2 . . Assault . | . . . . Garrison . | . . . . Intercept . | . . . . Searches Triggered . | . . . . Construction Impeded . | . . . . Haulers Reinforced . | . . . . Active Scanning Responses . | . . . . Cargo Convoy Interrupts . | . . . . Stealth | -11 -10 -10 -10 --------- Run | Yrd Mat Min Sub Distress Signals 1 | . 1 . . Communications Jammed . | . . . . Distress Signals . | . . . . Times Spotted 34 | . 25 6 3 Peak Tracking Total 4 | . 4 3 1 Tactical Retreats 2 | . 1 1 . Traps | -11 -10 -10 -10 ------- Run | Yrd Mat Min Sub Traps Triggered 4 | . 3 . 1 Indirectly . | . . . . Trap Hack Attempts . | . . . . Triggered . | . . . . Disarmed . | . . . . Reprogrammed . | . . . . Reused . | . . . . Traps Extracted . | . . . . Installed . | . . . . Triggered . | . . . . Machines | -11 -10 -10 -10 ---------- Run | Yrd Mat Min Sub Machines Disabled 7 | . 6 1 . Max in Single Turn 2 | . 2 1 . Machines Repaired . | . . . . Machines Dismantled . | . . . . Machines Sabotaged . | . . . . Overloaded Fab Kills . | . . . . Hacking | -11 -10 -10 -10 --------- Run | Yrd Mat Min Sub Machines Accessed 1 | . . 1 . Terminals . | . . . . Fabricators . | . . . . Repair Stations . | . . . . Recycling Units . | . . . . Scanalyzers . | . . . . Garrison Access . | . . . . Total Hacks 1 | . . 1 . Successful 1 | . . 1 . Failed . | . . . . Catastrophic . | . . . . Database Lockouts . | . . . . Manual . | . . . . Terminals . | . . . . Fabricators . | . . . . Repair Stations . | . . . . Recycling Units . | . . . . Scanalyzers . | . . . . Garrison Access . | . . . . Terminal Hacks 1 | . . 1 . Open Door 1 | . . 1 . Fabricator Hacks . | . . . . Repair Station Hacks . | . . . . Recycling Unit Hacks . | . . . . Scanalyzer . | . . . . Garrison Access Hacks . | . . . . Unauthorized Hacks . | . . . . Terminals . | . . . . Fabricators . | . . . . Repair Stations . | . . . . Recycling Units . | . . . . Scanalyzers . | . . . . Garrison Access . | . . . . Data Cores Recovered . | . . . . Used . | . . . . Hacking Detections . | . . . . Full Trace Events . | . . . . Feedback Events . | . . . . Feedback Blocked . | . . . . Robot Schematics Acquired . | . . . . Robots Built . | . . . . Authchips . | . . . . Time . | . . . . Total Robot Build Rating . | . . . . Part Schematics Acquired . | . . . . Parts Built . | . . . . Authchips . | . . . . Time . | . . . . Total Part Build Rating . | . . . . Parts Repaired . | . . . . Time . | . . . . Parts Recycled . | . . . . Recycled Matter . | . . . . Retrieved Matter . | . . . . Retrieved Components . | . . . . Parts Scanalyzed . | . . . . Part Schematics Acquired . | . . . . Parts Damaged . | . . . . Bothacking | -11 -10 -10 -10 ------------ Run | Yrd Mat Min Sub Used RIF Installer . | . . . . Robots Hacked . | . . . . Non-combat . | . . . . Combat . | . . . . Robot Hacks Applied . | . . . . Relay Couplers Released . | . . . . Fabnet Peak Effective % . | . . . . Robots Rewired . | . . . . Allies Hacked . | . . . . Hacks Repelled . | . . . . Allies | -11 -10 -10 -10 -------- Run | Yrd Mat Min Sub Total Allies . | . . . . Largest Group . | . . . . Highest-Rated Group . | . . . . Highest-Rated Ally . | . . . . Total Orders . | . . . . Ally Attacks . | . . . . Total Damage . | . . . . Kills . | . . . . Allies Corrupted . | . . . . Allies Melted . | . . . . Intel | -11 -10 -10 -10 ------- Run | Yrd Mat Min Sub Active Infowar (turns) . | . . . . Robot Analysis Total . | . . . . Derelict Logs Recovered 1 | . . . 1 Drone Launches . | . . . . Drone Recoveries . | . . . . Exploration | -11 -10 -10 -10 ------------- Run | Yrd Mat Min Sub Turns Passed 2526 | 72 998 1148 308 Spaces Moved 1123 | 36 453 535 99 Core 122 | 2 120 . . Treads 1001 | 34 333 535 99 Legs . | . . . . Wheels . | . . . . Hover . | . . . . Flight . | . . . . Fastest Speed 50 | 50 100 160 240 Average Speed 184 | 153 166 190 240 Slowest Speed 350 | 160 350 240 240 Overloaded Moves . | . . . . Propulsion Burnouts . | . . . . Robots Hopped . | . . . . Potential Cave-ins . | . . . . Cave-ins Triggered 1 | . 1 . . Exploration Rate (%) 42 | 3 58 98 10 Regions Visited 3 Branch Regions 2 Pre-discovered Areas 1 | . . . 1 Known Exits Taken . | . . . . Unknown Exits Taken 3 | 1 1 1 . Scrap Searched 2 | . . 2 . Spaces Dug 9 | . 9 . . Terrain Destroyed 186 | . 163 1 22 Melee . | . . . . Projectile 1 | . . 1 . AOE 185 | . 163 . 22 Terrain Rammed . | . . . . Walls Destroyed . | . . . . Machines Disabled . | . . . . Actions | -11 -10 -10 -10 --------- Run | Yrd Mat Min Sub Total 1462 | 49 628 633 152 Wait 199 | . 87 72 40 Move 1120 | 35 452 534 99 Hop . | . . . . Pick Up 27 | 6 16 5 . Fast Attach . | . . . . Attach 18 | 6 10 1 1 Detach . | . . . . Swap 4 | . 3 1 . Drop 7 | . 4 3 . Fire 87 | 2 56 17 12 Melee . | . . . . Ram . | . . . . Kick . | . . . . Crush . | . . . . Escape Stasis . | . . . . Rewire . | . . . . Trap . | . . . . Miscellaneous . | . . . . Route ------- -11/Scrapyard -10/Materials (discovered 3 exits: [*Mat] / *Min / [*Sub]) -10/Mines (discovered 3 exits: [*Mat x2] / [*Sub]) -10/Subcaves (discovered 1 exit: [*Mat]) History --------- Turn | Location | Event 8 | -11/Scrapyard | Discovered new exit (range 15) 73 | -11/Scrapyard | Entered Materials 317 | -10/Materials | Build established: Mutant 404 | -10/Materials | Discovered new exit (range 9) 486 | -10/Materials | Destroyed 10 combat bots 691 | -10/Materials | Discovered new exit (range 13) 694 | -10/Materials | Core integrity fell below 50% 699 | -10/Materials | Crushed by falling debris 738 | -10/Materials | Lost 4 parts (1p2n1w) 882 | -10/Materials | Core integrity fell below 20% 949 | -10/Materials | Discovered new exit (range 9) 1071 | -10/Materials | Entered Mines 1133 | -10/Mines | Discovered new exit (range 12) 1485 | -10/Mines | Found a damaged Exp. Sensor Array with a note attached 1575 | -10/Mines | Received a Rocket Launcher from a helpful Derelict 1610 | -10/Mines | Found the Drone Emporium 1621 | -10/Mines | Found Prototype Device 1806 | -10/Mines | Discovered new exit (range 14) 2191 | -10/Mines | Discovered new exit (range 6) 2219 | -10/Mines | Entered Subcaves 2220 | -10/Subcaves | Approached by a straggling Scientist 2221 | -10/Subcaves | Shifting Twisted Machinery released Sub. Machine Gun 2234 | -10/Subcaves | Learned location of Zion (-6) 2335 | -10/Subcaves | Discovered new exit (range 9) 2527 | -10/Subcaves | Destroyed by Piercing Trap Last Messages --------------- Imp. Light Cannon destroyed. NY-5GO(u) builds Twisted Machinery. Subatomizers dissect the Sub. Beam Cannon. XI-XJ8(R) knocked back. System corrupted: Imp. Light Cannon jammed. System corrupted: Component data lost. XI-XJ8(R) affixes Scrap Shield Fragment to Scrap Shield. The unstable cave ceiling collapses. XI-XJ8(R) destroyed. The unstable cave ceiling collapses. System corrupted: Energy discharge (-82). Acquired 16 matter. System corrupted: Component data lost. Acquired 13 matter. Acquired 23 matter. System corrupted: Component data lost. Triggered Piercing Trap. Spikes shoot up from the floor. Critical hit (Impale). Map ----- +----------------------------------------------------+ | ?????????????????????????????????????????????????? | | ?????????????????????????????????????????????????? | | ?????????????????????????????????????????????????? | | ?????????????????????????????????????????????????? | | ?????????????????????????????????????????????????? | | ?????????????????????????????????????????????????? | | ?????????????????????????????????????????????????? | | ?????????????????????????????????????????????????? | | ?????????????????????????????????????????????????? | | ?????????????????????????????????????????????????? | | ?????????????????????????????????????????????????? | | ?????????????????????????????????????????????????? | | ?????????????????????????????????????????????????? | | ?????????????????????????????????????????????????? | | ?????????????????????????????????????????????????? | | ?????????????????????????????????????????????????? | | ?????????????????????????????????????????????????? | | ?????????????????????????????????????????????????? | | ???????????????????????????????#####????###??????? | | ??????????????????????????????## ##??# ####???? | | ?????????????????????#????????# ### #???? | | ????????????????????## ???????# #????? | | ???????????????????## ???###?# ## ##???? | | ?????????????????### #### ### ## ##??? | | ?????????????????# #?# ##?? | | ???????????????# @ ### #?? | | ????????????????# ## ## #????? | | ????????????????# #### ####### ##????? | | ???????????????# ?????####?????### # ####?????? | | ????????????? ??????????????????## # #???????? | | ???????????? ?????????????????????# ######??? | | ?????????????????????????????????## #! ## ###? | | ?????????????????????????????????# ! ## | | ?????????????????????????????????## # | | ??????????????????????????????????# ## ### | | ??????????????????????????????????## ## ### | | ???????????????????????????????????# # ## | | ???????????????????????????????????### ## | | ????????????????????????????????????? ## | | ????????????????????????????????????# ""### | | ????????????????????????????????????# """## | | ????????????????????????????????????# """"" " | | ???????????????????????????????????? """"" ##" " | | ???????????????????????????????????? """"" ### | | ???????????????????????????????????# ###?## " | | ???????????????????????????????????## ????# " | | ????????????????????????????????????##" ?????## | | ?????????????????????????????????????###???????# " | | ??????????????????????????????????????????????? | | ?????????????????????????????????????????????? | +----------------------------------------------------+ Best States ------------- Heat Dissipation 25 Energy Generation 12 Energy Capacity 265 Matter Stores 450 Matter Capacity 450 Sight Range 16 Terrain Scan Density 10 Propulsion Shielding 33 Evasion (%) 40 Recoil Reduction 2 Item Schematics ----------------- None Robot Schematics ------------------ None Fabricated ------------ Nothing Repaired ---------- Nothing Alien Tech Used ----------------- None Achievements -------------- None Challenges ------------ None Game ------ Seed RiotScanNullifier Manual? 0 Play Time 00:14:22 Cumulative 33.3 hours Start 2025.07.02 @ 06:46:45 End 2025.07.02 @ 07:00:11 Sessions 1 Manual Loads 0 Difficulty Rogue Special Mode None Game No. 162 Rogue 162 Adventurer 0 Explorer 0 Win Type - Total 0 Types 0/0/0/0/0/0/0/0/0/0 Lore% 20 Gallery% 22 Achievement% 19 Wizard Run 0 Options --------- Layout 2 ASCII 0 Keyboard 0 Movement Mouse Keybinds 0 Fullscreen 1 Font 24/Smallcaps Map View 50x44 Zoom Use 0% Tactical HUD 0 Map Filters NONE Filters NONE Steam 1 RUN: 3adc6507-cfa6-4f9c-82f9-c8cb9cea2937